 Dungeon Crawl Stone Soup version 0.29-a0-477-g62b78b4225 (webtiles) character file.

Game seed: 1901527585431064193

182 Infinimo the Cudgeller (level 5, -5/55 HPs)
             Began as an Ogre Gladiator on May 25, 2022.
             Slain by an iguana (13 damage)
             ... on level 4 of the Dungeon.
             The game lasted 00:03:06 (3704 turns).

Infinimo the Cudgeller (Ogre Gladiator)             Turns: 3704, Time: 00:03:07

Health: -5/55      AC:  3    Str: 18      XL:     5   Next: 62%
Magic:  5/5        EV: 10    Int:  8 (11) God:
Gold:   124        SH:  0    Dex:  9 (10) Spells: 4/4 levels left

rFire   + . .      SeeInvis .   a - +0 flail
rCold   + . .      Faith    .   (no shield)
rNeg    + . .      Spirit   .   b - +0 robe
rPois   +          Reflect  .   c - +0 hat
rElec   .          Harm     .   h - scarf {rC+ rF+}
rCorr   .          Rampage  .   (gloves unavailable)
Will    .....                   (boots unavailable)
Stlth   +.........              (no amulet)
HPRegen 0.18/turn               q - ring of positive energy
MPRegen 0.09/turn               t - ring of poison resistance

@: no status effects
A: large, unfitting armour, tough skin 1
a: no special abilities


You were on level 4 of the Dungeon.
You visited 1 branch of the dungeon, and saw 4 of its levels.

You collected 124 gold pieces.

Inventory:

Hand Weapons
 a - a +0 flail (weapon)
Missiles
 d - 3 throwing nets (quivered)
 e - a large rock
Armour
 b - a +0 robe (worn)
 c - a +0 hat (worn)
 h - a scarf of resistance (worn)
Jewellery
 o - a ring of magical power
 q - a ring of positive energy (left hand)
 t - a ring of poison resistance (right hand)
Wands
 l - a wand of acid (7)
Scrolls
 g - a scroll of enchant armour {unknown}
 j - 4 scrolls of identify {unknown}
 k - 2 scrolls of magic mapping {unknown}
 m - a scroll of immolation {unknown}
 n - a scroll of teleportation {unknown}
 r - a scroll of acquirement {unknown}
 s - a scroll of noise {unknown}
Potions
 f - a potion of might
 i - 2 potions of brilliance


   Skills:
 + Level 4.3 Fighting
 * Level 4.3 Maces & Flails
 - Level 2.0 Throwing
 + Level 3.6 Dodging


You had 4 spell levels left.
You didn't know any spells.
Your spell library contained the following spells:

 Spells                   Type           Power      Damage    Failure   Level
 Sandblast                Erth           0%         2d4       41%         1
 Passwall                 Tmut/Erth      0%         N/A       54%         2
 Stone Arrow              Conj/Erth      0%         3d7       78%         3


Dungeon Overview and Level Annotations

Branches:
Dungeon (4/15)
 Temple: D:4-7

Altars:

Shops:
D:3 (


Innate Abilities, Weirdness & Mutations

You are too large for most types of armour.
You have tough skin. (AC +1)


Message History

No target in view!
No target in view!
HP restored.
An adder comes into view.
The adder moves out of view.
An adder is nearby!
An adder is nearby!
The adder hisses angrily.
The adder bites you. The adder bites you. x2
You sock the adder!
The adder is almost dead.
You kill the adder!
No target in view!
An iguana comes into view.
The iguana hisses angrily.
An iguana is nearby!
The iguana bites you!
You thump the iguana!
The iguana is moderately wounded.
The iguana bites you!
The iguana is moderately wounded.
The iguana is moderately wounded.
The iguana bites you!
You are too injured to fight recklessly!
You are too injured to fight recklessly!
You are too injured to fight recklessly!
You are too injured to fight recklessly!
You are too injured to fight recklessly!
You are too injured to fight recklessly!
You are too injured to fight recklessly!
You are too injured to fight recklessly!
You are too injured to fight recklessly!
You are too injured to fight recklessly!
You are too injured to fight recklessly!
The iguana attacks as you move away! The iguana bites you!
The iguana attacks as you move away! The iguana bites you!
* * * LOW HITPOINT WARNING * * *
The iguana attacks as you move away! The iguana bites you!
You die...

####.....## #...........
##....########...........
#......# ##.............#
##.....##............>... #
#.###.##.....>..........
##.## ##...................
.....##....................
...........................
#.##......@.###............
#......l...#8.P.###..
...##.#..##..# .......##.#
#...P #...#.. #.# ...:. ...
... ... #..# . .... ....
#.# ... ...... .. .......


You could see an iguana.

Vanquished Creatures
  A centaur zombie (D:4)
  A hound zombie (D:4)
  6 adders
  2 worms (D:2)
  5 dart slugs
  11 orcs
  6 endoplasms
  3 hobgoblins
  4 kobolds
  5 ball pythons
  4 bats
  4 frilled lizards
  5 goblins
  5 rats
62 creatures vanquished.

Notes
Turn   | Place    | Note
-------+----------+-------------------------------------------
     0 | D:1      | Infinimo the Ogre Gladiator began the quest for the Orb.
     0 | D:1      | Reached XP level 1. HP: 22/22 MP: 1/1
   298 | D:1      | Reached XP level 2. HP: 28/31 MP: 2/2
   406 | D:1      | You fall into a shaft and drop 1 floor!
   717 | D:2      | Reached XP level 3. HP: 36/37 MP: 3/3
  1753 | D:3      | Reached XP level 4. HP: 43/45 MP: 4/4
  2127 | D:3      | Found Noloa's Weapon Boutique.
  2986 | D:3      | Reached XP level 5. HP: 52/54 MP: 5/5
  3704 | D:4      | Slain by an iguana

Illustrated notes

Levels and vault maps discovered:
D:1:      amcnicky_arrival_choice, layout_basic, serial_corexii_hall,
          corexii_hall_statues_x, corexii_hall_statues_deadend,
          corexii_hall_statues_l, chequers_hall_statues_corner_a,
          corexii_hall_statues_s, corexii_hall_statues_l,
          shapermc_ecumenical_altar_mp_vishouse, corexii_corridor_pit,
          chequers_serial_rivers_marsh
D:2:      layout_loops_ring
D:3:      kennysheep_big_flooded_room, layout_loops_ring, serial_shops,
          nicolae_shop_bloodbath_and_beyond, st_stairs_3
D:4:      layout_cave_pools, serial_undead, serial_undead_e, serial_undead_a,
          serial_undead_e, serial_undead_d

Skill      XL: |  1  2  3  4 |
---------------+-------------+-----
Fighting       | 3 4 |  4.3
Maces & Flails | 3 4 |  4.3
Dodging        | 3 |  3.6
Throwing       | |  2.0

Action                   |  1- 3 |  4- 6 || total
-------------------------+-------+-------++-------
Melee: Flail             |   113 |   125 ||   238
       Punch             |     1 |     1 ||     2
  Use: Potion            |     3 |     2 ||     5
Armor: Robe              |    34 |    38 ||    72
       Skin              |       |     3 ||     3
Dodge: Dodged            |    60 |    88 ||   148

Table legend: (Time is in decaauts)
 A = Elapsed time spent in this place.
 B = Non-inter-level travel time spent in this place.
 C = Inter-level travel time spent in this place.
 D = Time resting spent in this place.
 E = Time spent auto-exploring this place.
 F = Levels seen in this place.
 G = Mean time per level.
                   A        B        C        D        E       F      G
               +--------+--------+--------+--------+--------+-----+--------+
         Total |   3759 |   3712 |     47 |   1158 |   1995 |   4 |  939.8 |
       Dungeon |   3759 |   3712 |     47 |   1158 |   1995 |   4 |  939.8 |
               +--------+--------+--------+--------+--------+-----+--------+

Top non-repeatable levels by time:
     D:3: 1662 daAuts
     D:2: 1404 daAuts
     D:1: 414 daAuts
     D:4: 279 daAuts
